Map: Stasis LE

Players

michael - Winner!

  • Race: Protoss Protoss
  • League: Platinum
  • Spawn Location: 1:00

Mesrob

  • Race: Terran Terran
  • League: Gold
  • Spawn Location: 11:00

VOD

Have the link to the VOD?

Description

Time

  • Played on: Jan. 17, 2019, 1:18 p.m.
  • Length: 4:23
Show
View Real Time Build Order
Export as new Build Order

michael Protoss - Winner!

Build Orders:  

Get SALT Encoding   

  12  0:02  Probe  
  13  0:14  Probe  
  13  0:19  Pylon  
  14  0:24  Probe  
  15  0:33  Probe  
  15  0:42  Probe  
  16  0:44  Gateway  
  17  0:58  Gateway  
  17  1:01  Probe  
  18  1:05  Assimilator  
  18  1:08  Assimilator  
  18  1:13  Probe  
  19  1:32  Probe  
  20  1:37  Cybernetics Core  
  20  1:41  Pylon  
  20  1:45  Pylon, Probe  
  21  1:57  Probe  
  22  2:10  Probe  
  23  2:20  Stalker x2  
  27  2:43  Probe  
  28  2:45  Stalker x2  
  32  3:04  Nexus  
  32  3:07  Probe  
  33  3:25  Probe  
  34  3:30  Pylon  
  34  3:32  Pylon  
  34  3:33  Adept  
  34  3:36  Adept  
  34  3:40  Probe  
  39  3:53  Stargate  
Show
View Real Time Build Order
Export as new Build Order

Mesrob Terran 

Build Orders:  

Get SALT Encoding   

  12  0:01  SCV  
  13  0:13  SCV  
  14  0:18  Supply Depot  
  14  0:25  SCV  
  15  0:40  SCV  
  15  0:42  Barracks  
  16  0:49  Refinery  
  16  0:52  SCV  
  17  1:04  SCV  
  18  1:16  SCV  
  19  1:33  Orbital Command  
  19  1:40  Command Center  
  19  1:42  Marine  
  20  1:55  Bunker  
  20  2:08  SCV  
  21  2:18  Factory  
  21  2:21  SCV  
  22  2:26  Supply Depot, Engineering Bay  
  22  2:47  Barracks Tech Lab  
  22  2:48  SCV  
  23  2:52  Orbital Command  
  23  3:00  SCV  
  23  3:03  Supply Depot  
  24  3:12  SCV  
  25  3:23  Siege Tank  
  25  3:25  Engineering Bay  
  28  3:28  SCV  
  28  3:29  Supply Depot  
  28  3:31  SCV  
  30  3:37  Refinery  
  30  3:40  SCV  
  31  3:43  SCV  
  32  3:52  SCV  
  32  3:55  SCV  
  34  4:02  Armory  
  34  4:04  SCV  
Tags
 
Matchup
PvT
Replay Pack
sc2 replays
Spawn Locations
Close Positions
Add a new tag
Caveats
  • Supply blocks, unpowered buildings, or Contaminate may cause inaccurate times.
  • Supply counts are checked every 10 seconds.